 Dungeon Sprint DCSS version 0.31-a0-331-geda263fcf1 (webtiles) character file.

Game seed: 4563660318932231278

460173 HallandMoats the End of an Era (level 18, 179/179 HPs)
             Began as a Demonspawn Monk on July 20, 2023.
             Was the Champion of Qazlal.
             Escaped with the Orb!
             The game lasted 00:27:47 (3475 turns).

HallandMoats the End of an Era (Demonspawn Monk)    Turns: 3475, Time: 00:27:48

Health: 179/179    AC: 48    Str: 36    XL:     18   Next: 43%
Magic:  35/35      EV: 26    Int: 12    God:    Qazlal [******]
Gold:   0          SH: 34    Dex: 26    Spells: 17/17 levels left

rFire   + + +        A - +16 obsidian axe {drain, demonic, Mesm Drain Fly SInv}
rCold   + + +        E - +2 shield of Resistance {rF++ rC++ Will++}
rNeg    + + .        a - +9 gold dragon scales
rPois   +            O - +2 helmet of the Vestibule of Hell {Dex+4}
rElec   +            Q - +0 cloak of Ijibophi {rF+ rCorr Str+7 Dex-3}
rCorr   +            J - +3 Mad Mage's Maulers {Infuse+∞ VampMP -Cast}
SInv    +            t - +1 pair of boots of Purpose {Regen+ rCorr Stlth+}
Will    +++..        P - amulet of Joxaicearph {Reflect rN+ Str+3 Slay+3 SH+5} Stlth
                     y - +6 ring of strength
HPRegen 1.29/turn    L - ring of Nonoh {rElec rN+ Dex+6}
MPRegen 0.48/turn

%: no teleportation, no spellcasting, repel missiles, reflection, guardian
spirit, infuse magic (35 MP)
@: flying, studying 2 skills
A: claws 2, thin skeletal structure 2, powered by death 2, magic shield, magic
regeneration, magic link, corrupting presence 1, deterioration 1
0: Orb of Zot
a: Renounce Religion, Upheaval, Elemental Force, Disaster Area


You escaped.
You worshipped Qazlal.
Qazlal was exalted by your worship.
You visited 1 branch

Inventory:

Hand Weapons
 l - the +12 glaive of Prune {freeze, Prune}
   (You found it in the Dungeon)

   Prune:     It halves damage taken while paralysed, petrified or unconscious.
 u - the +8 Wrath of Trog {antimagic, *Rage Rampage}
   (You found it in the Dungeon)

   It causes slowness and exhaustion when equipped.
   It extends the wielder's berserk rage when killing foes.
   *Rage:     It berserks you when you make melee attacks (+50% chance).
   Rampage:   It bestows one free step when moving towards enemies.
 A - the +16 obsidian axe (weapon) {drain, demonic, Mesm Drain Fly SInv}
   (You found it in the Dungeon)

   Mesm:      Its wielder is mesmerised by any visible foes, and it cannot be
   unequipped while any foes are visible.
   SInv:      It lets you see invisible.
   Fly:       It grants you flight.
   Drain:     It drains your maximum health when unequipped.
 H - the +8 autumn katana {manifold assault}
   (You found it in the Dungeon)
 N - the +8 great sword "HallandMoats's Curse" {pain, rElec Will- Dex+6}
   (You found it in the Dungeon)

   Dex:       It affects your dexterity (+6).
   rElec:     It insulates you from electricity.
   Will:      It decreases your willpower.
Armour
 a - +9 gold dragon scales (worn)
 t - the +1 pair of boots of Purpose (worn) {Regen+ rCorr Stlth+}
   (You found it in the Dungeon)

   Regen:     It increases your rate of health regeneration.
   rCorr:     It protects you from acid and corrosion.
   Stlth:     It makes you more stealthy.
 B - the +18 shield of the Gong {Loud rN+ Will+ rCorr EV-5}
   (You found it in the Dungeon)

   Loud:      It is deafeningly noisy when blocking attacks.
   EV:        It affects your evasion (-5).
   rN:        It protects you from negative energy.
   rCorr:     It protects you from acid and corrosion.
   Will:      It increases your willpower.
 E - the +2 shield of Resistance (worn) {rF++ rC++ Will++}
   (You found it in the Dungeon)

   rF:        It greatly protects you from fire.
   rC:        It greatly protects you from cold.
   Will:      It greatly increases your willpower.
 J - the +3 Mad Mage's Maulers (worn) {Infuse+∞ VampMP -Cast}
   (You found it in the Dungeon)

   Infuse+∞: It empowers its wearer's blows with all of their magic.
   VampMP:    Blows struck in melee replenish the wearer's magic.
   -Cast:     It prevents spellcasting.
 M - the +3 pair of seven-league boots {Rampage+∞}
   (You found it in the Dungeon)

   Rampage+∞: When moving toward enemies, its wearer moves as far as possible,
   alerting their target en route.
 O - the +2 helmet of the Vestibule of Hell (worn) {Dex+4}
   (You acquired it in the Dungeon)

   Dex:       It affects your dexterity (+4).
 Q - the +0 cloak of Ijibophi (worn) {rF+ rCorr Str+7 Dex-3}
   (You found it in the Dungeon)

   Str:       It affects your strength (+7).
   Dex:       It affects your dexterity (-3).
   rF:        It protects you from fire.
   rCorr:     It protects you from acid and corrosion.
 V - the +3 salamander hide armour {Flames, rFlCloud rF++ rC--}
   (You found it in the Dungeon)

   Flames:    It surrounds you with flame clouds and enhances your fire magic.
   rFlCloud:  It grants immunity to flame clouds.
   rF:        It greatly protects you from fire.
   rC:        It makes you very vulnerable to cold.
 W - the +14 shadow dragon scales "Leak" {Rampage rC+++ MP-9 Str-2 Stlth++++}
   (You found it in the Dungeon)

   Str:       It affects your strength (-2).
   rC:        It renders you almost immune to cold.
   MP:        It affects your magic capacity (-9).
   Rampage:   It bestows one free step when moving towards enemies.
   Stlth:     It makes you much more stealthy.
Jewellery
 y - a +6 ring of strength (left hand)
 z - the amulet "Foarphaj" {Faith Rampage rElec Int-3 Stlth+}
   (You found it in the Dungeon)

   [amulet of faith]

   It allows you to gain divine favour quickly.
   Int:       It affects your intelligence (-3).
   rElec:     It insulates you from electricity.
   Rampage:   It bestows one free step when moving towards enemies.
   Stlth:     It makes you more stealthy.
 D - the ring of the Tempest {*Corrode +Blink rN+ Dex+3 Slay+4}
   (You found it in the Dungeon)

   [ring of slaying]

   Dex:       It affects your dexterity (+3).
   Slay:      It affects your accuracy & damage with ranged weapons and melee
   (+4).
   rN:        It protects you from negative energy.
   +Blink:    It lets you blink.
   *Corrode:  It may corrode you when you take damage.
 I - the ring of False Pretenses {Wiz rElec Will+ SInv}
   (You took it off an orc knight in the Dungeon)

   [ring of wizardry]

   It improves your spell success rate.
   rElec:     It insulates you from electricity.
   SInv:      It lets you see invisible.
   Will:      It increases your willpower.
 L - the ring of Nonoh (right hand) {rElec rN+ Dex+6}
   (You took it off a vault guard in the Dungeon)

   [ring of dexterity]

   Dex:       It affects your dexterity (+6).
   rElec:     It insulates you from electricity.
   rN:        It protects you from negative energy.
 P - the amulet of Joxaicearph (around neck) {Reflect rN+ Str+3 Slay+3 SH+5}
   (You found it in the Dungeon)

   [amulet of reflection]

   It reflects blocked missile attacks.
   Str:       It affects your strength (+3).
   Slay:      It affects your accuracy & damage with ranged weapons and melee
   (+3).
   rN:        It protects you from negative energy.
   SH:        It affects your SH (+5).
 R - the amulet of Iteel {Faith Fragile rPois Will+ SInv}
   (You found it in the Dungeon)

   [amulet of faith]

   It allows you to gain divine favour quickly.
   rPois:     It protects you from poison.
   SInv:      It lets you see invisible.
   Fragile:   It will be destroyed if unequipped.
   Will:      It increases your willpower.
 S - a +4 ring of protection
 U - the ring of the Hare {EV+10}
   (You found it in the Dungeon)

   [ring of evasion]

   EV:        It affects your evasion (+10).
 X - a ring of resist corrosion
Talismans
 x - a storm talisman
Wands
 r - a wand of mindburst (56)
 s - a wand of light (20)
 v - a wand of flame (183)
 w - a wand of paralysis (53)
 G - a wand of roots (45)
 K - a wand of polymorph (21)
Scrolls
 j - 4 scrolls of blinking
 n - 4 scrolls of amnesia
 o - 7 scrolls of fog
 p - 5 scrolls of identify
 q - 2 scrolls of fear
 C - 4 scrolls of enchant weapon
 F - 13 scrolls of brand weapon
 T - 4 scrolls of enchant armour
Potions
 b - 2 potions of brilliance
 c - a potion of ambrosia
 d - a potion of invisibility
 e - 10 potions of curing
 f - 29 potions of heal wounds
 g - 9 potions of haste
 h - 4 potions of magic
 i - 3 potions of berserk rage
 k - 4 potions of resistance
 m - 8 potions of might


   Skills:
 + Level 26.2 Fighting
 + Level 24.3 Axes
 + Level 23.7 Armour
 + Level 23.8 Dodging
 + Level 23.7 Shields
 O Level 27 Invocations
 * Level 16.2 Shapeshifting


You had 17 spell levels left.
You didn't know any spells.
Your spell library contained the following spells:

 Spells                   Type           Power      Damage    Failure   Level
 Apportation              Tloc           0%         N/A       88%         1
 Freeze                   Ice            0%         1d3       88%         1
 Kiss of Death            Conj/Necr      0%         2d5       88%         1
 Magic Dart               Conj           0%         1d3       88%         1
 Necrotise                Necr           0%         1d4       88%         1
 Shock                    Conj/Air       0%         1d3       88%         1
 Slow                     Hex            0%         N/A       88%         1
 Summon Small Mammal      Summ           0%         N/A       88%         1
 Blink                    Tloc           0%         N/A       95%         2
 Call Imp                 Summ           0%         N/A       95%         2
 Cigotuvi's Dreadful Rot  Necr/Pois/Air  0%         N/A       95%         2
 Ensorcelled Hibernation  Hex/Ice        0%         N/A       95%         2
 Lesser Beckoning         Tloc           0%         N/A       95%         2
 Momentum Strike          Conj/Tloc      0%         3d8       95%         2
 Passwall                 Tmut/Erth      0%         N/A       95%         2
 Poisonous Vapours        Pois/Air       0%         N/A       95%         2
 Searing Ray              Conj           0%         2d4       95%         2
 Static Discharge         Conj/Air       0%         2-2/arc   95%         2
 Sublimation of Blood     Necr           0%         N/A       95%         2
 Wereblood                Tmut           0%         N/A       95%         2
 Call Canine Familiar     Summ           0%         N/A       99%         3
 Confusing Touch          Hex            0%         N/A       99%         3
 Dazzling Flash           Conj/Hex       0%         N/A       99%         3
 Frozen Ramparts          Ice            0%         1d1       99%         3
 Gell's Gravitas          Tloc           0%         N/A       99%         3
 Hailstorm                Conj/Ice       0%         3d3       99%         3
 Ignite Poison            Fire/Tmut/Pois 0%         N/A       99%         3
 Inner Flame              Hex/Fire       0%         N/A       99%         3
 Mephitic Cloud           Conj/Pois/Air  0%         N/A       99%         3
 Portal Projectile        Hex/Tloc       0%         N/A       99%         3
 Summon Guardian Golem    Hex/Summ       0%         N/A       99%         3
 Swiftness                Air            0%         N/A       99%         3
 Teleport Other           Tloc           0%         N/A       99%         3
 Tukima's Dance           Hex            0%         N/A       99%         3
 Vampiric Draining        Necr           0%         2d6       99%         3
 Vhi's Electric Charge    Tloc/Air       0%         N/A       99%         3
 Volatile Blastmotes      Fire/Tloc      0%         2d10      99%         3
 Airstrike                Air            0%         2d(0-16)  100%        4
 Anguish                  Hex/Necr       0%         N/A       100%        4
 Animate Armour           Summ/Erth      0%         N/A       100%        4
 Dispel Undead            Necr           0%         3d6       100%        4
 Flame Wave               Conj/Fire      0%         2d4       100%        4
 Fulminant Prism          Conj/Hex       0%         3d5       100%        4
 Iskenderun's Mystic Bla  Conj/Tloc      0%         2d3       100%        4
 Leda's Liquefaction      Hex/Erth       0%         N/A       100%        4
 Manifold Assault         Tloc           0%         N/A       100%        4
 Olgreb's Toxic Radiance  Pois           0%         N/A       100%        4
 Passage of Golubria      Tloc           0%         N/A       100%        4
 Petrify                  Tmut/Erth      0%         N/A       100%        4
 Sticky Flame             Conj/Fire      0%         2d3       100%        4
 Summon Ice Beast         Ice/Summ       0%         N/A       100%        4
 Summon Lightning Spire   Summ/Air       0%         N/A       100%        4
 Arcjolt                  Conj/Air       0%         1d10      100%        5
 Fireball                 Conj/Fire      0%         3d3       100%        5
 Irradiate                Conj/Tmut      0%         3d11      100%        5
 Iskenderun's Battlesphe  Conj           0%         2d6       100%        5
 Lee's Rapid Deconstruct  Erth           0%         3d4*      100%        5
 Metabolic Englaciation   Hex/Ice        0%         N/A       100%        5
 Silence                  Hex/Air        0%         N/A       100%        5
 Summon Forest            Summ/Tloc      0%         N/A       100%        5
 Summon Mana Viper        Hex/Summ       0%         N/A       100%        5
 Yara's Violent Unravell  Hex/Tmut       0%         3d3       100%        5
 Conjure Ball Lightning   Conj/Air       0%         3x3d6     100%        6
 Dispersal                Tloc           0%         N/A       100%        6
 Eringya's Noxious Bog    Tmut/Pois      0%         4d6       100%        6
 Plasma Beam              Fire/Air       0%         2x1d10    100%        6
 Simulacrum               Ice/Necr       0%         N/A       100%        6
 Starburst                Conj/Fire      0%         6d3       100%        6
 Summon Cactus Giant      Summ           0%         N/A       100%        6
 Enfeeble                 Hex            0%         N/A       100%        7
 Haunt                    Necr/Summ      0%         N/A       100%        7
 Malign Gateway           Summ/Tloc      0%         N/A       100%        7
 Monstrous Menagerie      Summ           0%         N/A       100%        7
 Orb of Destruction       Conj           0%         9d5       100%        7
 Ozocubu's Refrigeration  Ice            0%         4d7       100%        7
 Spellforged Servitor     Conj/Summ      0%         N/A       100%        7
 Summon Hydra             Summ           0%         N/A       100%        7
 Borgnjor's Revivificati  Necr           0%         N/A       100%        8
 Discord                  Hex            0%         N/A       100%        8
 Disjunction              Tloc           0%         N/A       100%        8
 Ignition                 Fire           0%         3d3       100%        8
 Lehudib's Crystal Spear  Conj/Erth      0%         10d2      100%        8
 Maxwell's Capacitive Co  Air            0%         ∞         100%        8
 Summon Horrible Things   Summ           0%         N/A       100%        8
 Chain Lightning          Conj/Air       0%         N/A       100%        9
 Death's Door             Necr           0%         N/A       100%        9
 Polar Vortex             Ice            0%         N/A       100%        9
 Shatter                  Erth           0%         3d5*      100%        9


Dungeon Overview and Level Annotations

Branches:
Dungeon (1/1)

Altars:
Ashenzari
Cheibriados
Dithmenos
Fedhas
Gozag
Hepliaklqana
Kikubaaqudgha
Makhleb
Nemelex Xobeh
Okawaru
Qazlal
Ru
Sif Muna
Trog
Uskayaw
Vehumet
Wu Jian
Xom
Yredelemnul
Jiyva
Lugonu


Innate Abilities, Weirdness & Mutations

You have very sharp fingernails.
You have a moderately thin skeletal structure. (Dex +4, Stealth++)
You regenerate health from kills.
When hurt, damage is shared between your health and your magic reserves.
You regenerate magic rapidly.
When low on magic, you restore magic in place of health.
Your presence sometimes corrodes those you injure.
Your body sometimes deteriorates upon taking damage.


Message History

Unknown command.
You start waiting.
Unknown command.
You start waiting.
Unknown command.
You start waiting.
Unknown command.
You start waiting.
A balrug and 2 sun demons come into view.
The balrug is wielding a +2 antimagic demon whip.
There are monsters nearby!
Unknown command.
There are monsters nearby!
You cut the sun demon into ribbons!!!!
You kill the sun demon!
Qazlal accepts your kill.
Visions of slaying the balrug flood into your mind.
You block the balrug's attack.
You closely miss the balrug. You barely miss the sun demon.
You block the sun demon's attack. The balrug hits you but does no damage.
You slice the balrug!!
The balrug is heavily wounded.
You slice the sun demon!!
Your corrupting presence corrodes the sun demon!
You block the sun demon's attack. You block the balrug's attack.
You open the balrug like a pillowcase!!!
You are no longer entranced.
You kill the balrug!
Qazlal accepts your kill.
You slice the sun demon!!
The sun demon seems to be corroded for longer.
Visions of slaying the sun demon flood into your mind.
You slash the sun demon!
You are no longer entranced.
You kill the sun demon!
Qazlal accepts your kill.
You start resting.
Magic restored.
There is a staircase leading out of the dungeon here.
You have escaped!

............▓.............▓...8©8
............▓..▓.......▓..▓..)..|
............▓.............▓..))|[
............▓.........≈...▓.....)
............▓..≈...©..≈...▓..).†.
............▓▓▓▓▓▓▓▓▓▓▓▓▓▓▓......
............▓8888888888888▓......
▓.≈.....▓...▓8.○..)......8▓..▓...
.≈≈........≈▓8○.@○....©..8▓......
≈..≈........▓8..°.§§.....8▓....©.
..≈.©.......▓8888888888888▓▓▓▓▓▓▓
▓▓▓▓▓▓▓▓▓▓▓▓▓▓▓▓▓▓▓▓▓▓▓▓▓▓▓▓▓▓▓▓▓
.....8©8:)):....▓........8©8.....
)[[=|)..=:.|.):.▓..)...")=:.[[))|
)..).[).)).)[.).▓.[..).|...:)))[)
.[).)..†......[.▓..)[[.).|):...).
)".)))(.........▓...)...|.)).)...


There were no monsters in sight!

Vanquished Creatures
  A dread lich (D)
  An ancient lich (D)
  A pandemonium lord (D)
  3 caustic shrikes (D)
  2 bone dragons (D)
  A Tzitzimitl (D)
  A Brimstone Fiend (D)
  4 iron giants (D)
  A tainted leviathan (D)
  4 Hell Sentinels (D)
  3 liches (D)
  An Ice Fiend (D)
  9 quicksilver dragons (D)
  2 acid blobs (D)
  6 shadow dragons (D)
  4 rockslimes (D)
  5 azure jellies (D)
  3 fire giants (D)
  3 quicksilver elementals (D)
  12 iron dragons (D)
  A balrug (D)
  4 orc warlords (D)
  7 ghouls (D)
  10 spriggan defenders (D)
  A quicksilver ooze (D)
  6 vampire knights (D)
  A putrid mouth (D)
  10 stone giants (D)
  A lorocyproca (D)
  4 mummy priests (D)
  A fire dragon (D)
  A blizzard demon (D)
  8 crystal guardians (D)
  10 iron golems (D)
  A yaktaur captain (D)
  3 great orbs of eyes (D)
  2 rakshasas (D)
  A hell beast (D)
  11 spriggan air magi (D)
  31 vault guards (D)
  2 hydras (D)
  2 death scarabs (D)
  7 hell hogs (D)
  10 spriggan berserkers (D)
  3 orc high priests (D)
  3 vampire magi (D)
  A thrashing horror (D)
  2 sun demons (D)
  6 crystal echidnas (D)
  9 soul eaters (D)
  2 skysharks (D)
  A hell knight (D)
  8 skeletal warriors (D)
  2 glowing orange brains (D)
  2 spriggan druids (D)
  An ironbound convoker (D)
  A lindwurm (D)
  6 orc knights (D)
  7 necromancers (D)
  3 orc sorcerers (D)
  6 shining eyes (D)
  2 moths of wrath (D)
  4 elephants (D)
  4 eyes of devastation (D)
  7 black mambas (D)
  9 cane toads (D)
  3 hellions (D)
  2 smoke demons (D)
  3 gargoyles (D)
  A rime drake (D)
  An efreet (D)
  7 yaktaurs (D)
  3 komodo dragons (D)
  2 tormentors (D)
  6 guardian mummies (D)
  An ancient zyme (D)
  2 merfolk (D)
  7 trolls (D)
  3 tarantellas (D)
  A polar bear (D)
  A raiju (D)
  2 blink frogs (D)
  12 slime creatures (D)
  8 shadows (D)
  5 vampires (D)
  An ushabti (D)
  3 wyverns (D)
  5 fire elementals (D)
  5 yaks (D)
  2 golden eyes (D)
  3 wargs (D)
  A hell hound (D)
  11 water moccasins (D)
  A small abomination (D)
  2 floating eyes (D)
  23 orc warriors (D)
  7 ogres (D)
  2 wolves (D)
  2 centaurs (D)
  A phantom (D)
  6 necrophages (D)
  7 earth elementals (D)
  6 wights (D)
  A crimson imp (D)
  6 orc priests (D)
  A jelly (D)
  A starcursed mass (D)
  10 orc wizards (D)
  10 mummies (D)
  A white imp (D)
  An ufetubus (D)
  3 adder skeletons (D)
  5 adder zombies (D)
  An adder simulacrum (D)
  6 orcs (D)
  7 bat skeletons (D)
  3 bat zombies (D)
  4 ball python skeletons (D)
  5 ball python zombies (D)
  2 giant cockroach zombies (D)
  A jackal zombie (D)
  3 quokka skeletons (D)
  2 quokka zombies (D)
  A spectral ball python (D)
  3 fire vortices (D)
526 creatures vanquished.

Vanquished Creatures (collateral kills)
  A quicksilver elemental (D)
  A starcursed mass (D)
  2 merfolk (D)
  An orc warrior (D)
  A phantom (D)
  A necrophage (D)
  2 orc priests (D)
  An ufetubus (D)
  3 orcs (D)
13 creatures vanquished.

Vanquished Creatures (others)
  A small abomination (D)
1 creature vanquished.

Grand Total: 540 creatures vanquished

Notes
Turn   | Place    | Note
-------+----------+-------------------------------------------
     0 | D        | HallandMoats the Demonspawn Monk began the quest for the
                  | Orb.
     0 | D        | Reached XP level 1. HP: 18/18 MP: 1/1
    18 | D        | Found a shimmering blue altar of Sif Muna.
    18 | D        | Found a bloodstained altar of Trog.
    18 | D        | Found a sacrificial altar of Ru.
    18 | D        | Found a stormy altar of Qazlal.
    18 | D        | Found an iron altar of Okawaru.
    19 | D        | Found a sparkling altar of Nemelex Xobeh.
    19 | D        | Found a blossoming altar of Fedhas.
    19 | D        | Found the +6 Majin-Bo {spellvamp, MP+6 Int+6}
    19 | D        | Found the +27 heavy crossbow "Sniper" {heavy, Acc+∞ SInv}
    19 | D        | Found the +10 dark maul {heavy}
    19 | D        | Found the +15 Maxwell's patent armour {-Cast -Tele rElec
                  | Will+ rCorr}
    19 | D        | Found the +18 shield of the Gong {Loud rN+ Will+ rCorr
                  | EV-5}
    19 | D        | Found the +16 obsidian axe {drain, demonic, Mesm Drain Fly
                  | SInv}
    19 | D        | Found the +7 great mace "Firestarter" {flame, immolate,
                  | rFlCloud rF++}
    19 | D        | Found the +6 shillelagh "Devastator" {shatter}
    19 | D        | Found the +11 plutonium sword {Contam Stlth-}
    19 | D        | Found the +8 lance "Wyrmbane" {slay drac, rPois rF+ rC+
                  | AC+3}
    19 | D        | Found the +9 sword of Zonguldrok {reap}
    19 | D        | Found the +13 scythe of Curses {drain, curses, Drain}
    19 | D        | Found the +9 sword of Power {lifebolt}
    19 | D        | Found the +7 mace of Variability {chaos, chaos arc}
    19 | D        | Found the +11 Singing Sword {sonic wave}
    19 | D        | Found the +8 storm bow {elec, penet}
    21 | D        | Found a transporter.
    21 | D        | Found an ancient bone altar of Kikubaaqudgha.
    21 | D        | Found a viscous altar of Jiyva.
    21 | D        | Found a corrupted altar of Lugonu.
    21 | D        | Found a hazy altar of Hepliaklqana.
    21 | D        | Found a burning altar of Makhleb.
    21 | D        | Found an opulent altar of Gozag.
    36 | D        | Became a worshipper of Qazlal Stormbringer
    36 | D        | Reached * piety under Qazlal
    36 | D        | Reached ** piety under Qazlal
    64 | D        | Entered arena 2.
    64 | D        | Noticed a starcursed mass
    64 | D        | Found a transporter.
    65 | D        | Reached skill level 9 in Invocations
    65 | D        | Gained mutation: You have sharp fingernails. [demonic
                  | ancestry]
    65 | D        | Reached XP level 2. HP: 24/24 MP: 1/7
    71 | D        | Killed a starcursed mass
    72 | D        | Reached skill level 1 in Armour
    72 | D        | Reached skill level 1 in Shields
    72 | D        | Reached skill level 10 in Invocations
    72 | D        | Gained mutation: You have very sharp fingernails. [demonic
                  | ancestry]
    72 | D        | Reached XP level 3. HP: 24/29 MP: 1/9
    73 | D        | Killed a starcursed mass
    74 | D        | Reached skill level 5 in Axes
    74 | D        | Reached skill level 5 in Dodging
    74 | D        | Reached skill level 13 in Invocations
    74 | D        | Reached XP level 4. HP: 35/41 MP: 2/12
    74 | D        | Reached XP level 5. HP: 40/47 MP: 2/14
    74 | D        | Gained mutation: You have a somewhat thin skeletal
                  | structure. (Dex +2, Stealth+) [demonic ancestry]
    74 | D        | Reached XP level 6. HP: 45/53 MP: 2/15
    74 | D        | Reached XP level 7. HP: 50/59 MP: 2/17
   380 | D        | Entered arena 3.
   380 | D        | Noticed a tarantella
   380 | D        | Noticed a tarantella
   380 | D        | Noticed a tarantella
   380 | D        | Found a transporter.
   383 | D        | Killed a tarantella
   383 | D        | Reached *** piety under Qazlal
   383 | D        | Killed a tarantella
   384 | D        | Reached skill level 5 in Armour
   384 | D        | Reached skill level 5 in Shields
   384 | D        | Reached skill level 14 in Invocations
   384 | D        | Gained mutation: You regenerate a little health from kills.
                  | [demonic ancestry]
   384 | D        | Reached XP level 8. HP: 54/67 MP: 18/18
   384 | D        | Killed a tarantella
   389 | D        | Got the amulet "Wedwyoq" {Reflect rF- rN+ Will+ SH+5}
   399 | D        | Entered arena 4.
   399 | D        | Found a transporter.
   402 | D        | Reached **** piety under Qazlal
   403 | D        | Reached skill level 15 in Invocations
   413 | D        | Entered arena 5.
   413 | D        | Found the +8 Wrath of Trog {antimagic, *Rage Rampage}
   413 | D        | Found a transporter.
   420 | D        | Got the +1 pair of boots of Purpose {Regen+ rCorr Stlth+}
   432 | D        | Entered arena 6.
   432 | D        | Found a transporter.
   436 | D        | Reached ***** piety under Qazlal
   444 | D        | Entered arena 7.
   444 | D        | Noticed a merfolk
   444 | D        | Noticed a merfolk
   444 | D        | Noticed a merfolk
   444 | D        | Noticed a merfolk
   445 | D        | Found a transporter.
   450 | D        | Killed a merfolk
   452 | D        | Reached skill level 16 in Invocations
   452 | D        | Gained mutation: You regenerate magic rapidly. [demonic
                  | ancestry]
   452 | D        | Reached XP level 9. HP: 68/74 MP: 19/21
   453 | D        | Killed a merfolk
   455 | D        | Killed a merfolk
   455 | D        | Reached ****** piety under Qazlal
   460 | D        | Killed a merfolk
   474 | D        | Got Sif Muna's Octavo of Salt
   480 | D        | Entered arena 8.
   480 | D        | Noticed a vault guard
   480 | D        | Noticed a yaktaur
   480 | D        | Noticed a vault guard
   480 | D        | Noticed an ironbound convoker
   480 | D        | Noticed a vault guard
   480 | D        | Noticed a yaktaur
   481 | D        | Killed a yaktaur
   481 | D        | Killed a yaktaur
   481 | D        | Killed an ironbound convoker
   481 | D        | Killed a vault guard
   481 | D        | Killed a vault guard
   482 | D        | Reached skill level 18 in Invocations
   482 | D        | Gained mutation: When hurt, damage is shared between your
                  | health and your magic reserves. [demonic ancestry]
   482 | D        | Reached XP level 10. HP: 85/85 MP: 13/23
   482 | D        | Found a transporter.
   491 | D        | Killed a vault guard
   492 | D        | Reached skill level 10 in Fighting
   499 | D        | Got the Cyclopedia of the Mutagenic Retinue
   507 | D        | Entered arena 9.
   508 | D        | Found a transporter.
   525 | D        | Got Yxussuop's Precepts of Assembled Topomancy
   531 | D        | Entered arena 10.
   532 | D        | Found a transporter.
   552 | D        | Entered arena 11.
   552 | D        | Noticed a mummy priest
   552 | D        | Noticed a death scarab
   553 | D        | Killed a mummy priest
   554 | D        | Reached skill level 19 in Invocations
   556 | D        | Found a transporter.
   557 | D        | Killed a death scarab
   574 | D        | Got Pionu's Anthology of Entranced Wanderlust
   579 | D        | Entered arena 12.
   579 | D        | Noticed a fire dragon
   579 | D        | Noticed a hell hog
   579 | D        | Noticed a hell hog
   579 | D        | Noticed a hell hog
   580 | D        | Killed a hell hog
   580 | D        | Killed a fire dragon
   580 | D        | Killed a hell hog
   580 | D        | Killed a hell hog
   581 | D        | Reached skill level 10 in Axes
   581 | D        | Reached skill level 10 in Dodging
   581 | D        | Reached skill level 20 in Invocations
   581 | D        | Reached XP level 11. HP: 70/93 MP: 7/25
   582 | D        | Found a transporter.
   590 | D        | Got the ring of the Tempest {*Corrode +Blink rN+ Dex+3
                  | Slay+4}
   592 | D        | Got the Tome of the Deathly Compass
   594 | D        | Got the Directory of Hexing
   629 | D        | Entered arena 13.
   629 | D        | Found the +2 shield of Resistance {rF++ rC++ Will++}
   629 | D        | Noticed a hell hog
   629 | D        | Noticed a hell hog
   629 | D        | Noticed a hell hog
   629 | D        | Noticed a fire giant
   630 | D        | Identified the +9 battleaxe "Udauch" {speed, Will+}
   630 | D        | Noticed a fire giant
   630 | D        | Noticed a fire giant
   630 | D        | Noticed a hell hog
   631 | D        | Killed a hell hog
   631 | D        | Killed a hell hog
   631 | D        | Killed a hell hog
   631 | D        | Killed a hell hog
   631 | D        | Killed a fire giant
   631 | D        | Killed a fire giant
   631 | D        | Killed a fire giant
   632 | D        | Reached skill level 10 in Armour
   632 | D        | Reached skill level 10 in Shields
   632 | D        | Reached skill level 22 in Invocations
   632 | D        | Gained mutation: You regenerate health from kills. [demonic
                  | ancestry]
   632 | D        | Reached XP level 12. HP: 81/103 MP: 11/27
   632 | D        | Found a transporter.
   642 | D        | Got the Grimoire of Doomed Sparks
   647 | D        | Got the Information on Voltage
   670 | D        | Entered arena 14.
   670 | D        | Noticed a rakshasa
   671 | D        | Noticed a rakshasa
   673 | D        | Killed a rakshasa
   679 | D        | Killed a rakshasa
   680 | D        | Found a transporter.
   748 | D        | Entered arena 15.
   748 | D        | Noticed a ghoul
   748 | D        | Noticed a vampire mage
   749 | D        | Noticed a vampire knight
   751 | D        | Killed a vampire mage
   752 | D        | Reached skill level 23 in Invocations
   752 | D        | Killed a vampire knight
   752 | D        | Killed a ghoul
   753 | D        | Found a transporter.
   792 | D        | Entered arena 16.
   793 | D        | Identified the ring "Vuephedgh" {Fly rC+ Will- Dex+3}
   793 | D        | Noticed an orc high priest
   793 | D        | Identified the ring of False Pretenses {Wiz rElec Will+
                  | SInv}
   795 | D        | Killed an orc high priest
   796 | D        | Reached skill level 24 in Invocations
   796 | D        | Found a transporter.
   835 | D        | Entered arena 17.
   836 | D        | Noticed a rockslime
   838 | D        | Noticed a great orb of eyes
   838 | D        | Noticed a rockslime
   838 | D        | Noticed an azure jelly
   839 | D        | Killed an azure jelly
   839 | D        | Killed a rockslime
   839 | D        | Killed a great orb of eyes
   839 | D        | Killed a rockslime
   840 | D        | Gained mutation: Your presence sometimes corrodes those you
                  | injure. [demonic ancestry]
   840 | D        | Reached XP level 13. HP: 114/114 MP: 20/29
   841 | D        | Found a transporter.
   843 | D        | Reached skill level 25 in Invocations
   883 | D        | Entered arena 18.
   885 | D        | Noticed a mummy priest
   886 | D        | Noticed a mummy priest
   886 | D        | Noticed an ancient lich
   886 | D        | Found the +3 Mad Mage's Maulers {Infuse+∞ VampMP -Cast}
   886 | D        | Noticed a mummy priest
   886 | D        | Identified the +7 great mace "Mesm" {antimagic, rPois rF+
                  | Will+}
   887 | D        | Killed a mummy priest
   887 | D        | Killed a mummy priest
   887 | D        | Killed a mummy priest
   887 | D        | Killed an ancient lich
   888 | D        | Reached skill level 15 in Fighting
   888 | D        | Reached skill level 26 in Invocations
   889 | D        | Found a transporter.
   969 | D        | Entered arena 19.
   971 | D        | Noticed a shadow dragon
   972 | D        | Noticed a stone giant
   972 | D        | Noticed a shadow dragon
   972 | D        | Identified the ring of Nonoh {rElec rN+ Dex+6}
   972 | D        | Identified the +5 sling "Gram" {elec, +Blink rCorr}
   973 | D        | Killed a stone giant
   973 | D        | Killed a shadow dragon
   973 | D        | Killed a shadow dragon
   974 | D        | Reached skill level 27 in Invocations
   974 | D        | Reached XP level 14. HP: 125/125 MP: 22/31
   974 | D        | Identified the +8 arbalest "Buper" {antimagic, rC+ Dex+4}
   975 | D        | Found a transporter.
   981 | D        | Reached skill level 15 in Axes
  1139 | D        | Entered arena 20.
  1143 | D        | Noticed a stone giant
  1143 | D        | Noticed a stone giant
  1143 | D        | Noticed a stone giant
  1144 | D        | Noticed a stone giant
  1144 | D        | Noticed a stone giant
  1145 | D        | Killed a stone giant
  1145 | D        | Killed a stone giant
  1145 | D        | Killed a stone giant
  1145 | D        | Killed a stone giant
  1145 | D        | Killed a stone giant
  1146 | D        | Reached skill level 15 in Armour
  1146 | D        | Reached skill level 15 in Dodging
  1146 | D        | Reached skill level 15 in Shields
  1146 | D        | Found the +8 autumn katana {manifold assault}
  1147 | D        | Found a transporter.
  1218 | D        | Entered arena 21.
  1221 | D        | Noticed a spriggan defender
  1221 | D        | Noticed a spriggan defender
  1222 | D        | Found the +3 pair of seven-league boots {Rampage+∞}
  1223 | D        | Killed a spriggan defender
  1223 | D        | Killed a spriggan defender
  1223 | D        | Killed a spriggan defender
  1224 | D        | Reached XP level 15. HP: 134/136 MP: 19/32
  1225 | D        | Identified the ring "Ukoeq" {Fly rC+}
  1227 | D        | Found a transporter.
  1254 | D        | Got the Folio of Displaced Vapour
  1278 | D        | Entered arena 22.
  1281 | D        | Noticed a rockslime
  1282 | D        | Noticed an acid blob
  1282 | D        | Noticed an azure jelly
  1282 | D        | Noticed an azure jelly
  1282 | D        | Noticed an azure jelly
  1283 | D        | Noticed an acid blob
  1283 | D        | Killed a rockslime
  1283 | D        | Killed an acid blob
  1283 | D        | Killed an azure jelly
  1283 | D        | Killed an acid blob
  1283 | D        | Killed an azure jelly
  1283 | D        | Killed an azure jelly
  1283 | D        | Killed an azure jelly
  1283 | D        | Killed a rockslime
  1286 | D        | Found a transporter.
  1292 | D        | Got the amulet "Foarphaj" {Faith Rampage rElec Int-3
                  | Stlth+}
  1304 | D        | Got the +8 great sword "HallandMoats's Curse" {pain, rElec
                  | Will- Dex+6}
  1331 | D        | Acquired the +2 helmet of the Vestibule of Hell {Dex+4}
  1345 | D        | Entered arena 23.
  1349 | D        | Noticed a quicksilver elemental
  1350 | D        | Noticed a Hell Sentinel
  1350 | D        | Noticed a Hell Sentinel
  1350 | D        | Noticed a caustic shrike
  1351 | D        | Noticed a quicksilver elemental
  1351 | D        | Noticed a caustic shrike
  1351 | D        | Noticed a dread lich
  1351 | D        | Noticed a quicksilver elemental
  1351 | D        | Noticed a Hell Sentinel
  1351 | D        | Noticed an iron giant
  1351 | D        | Noticed a caustic shrike
  1352 | D        | Noticed a Hell Sentinel
  1352 | D        | Killed a quicksilver elemental
  1352 | D        | Killed an iron giant
  1352 | D        | Killed a caustic shrike
  1352 | D        | Killed a caustic shrike
  1352 | D        | Killed a caustic shrike
  1353 | D        | Killed a Hell Sentinel
  1353 | D        | Killed an iron giant
  1353 | D        | Killed a Hell Sentinel
  1353 | D        | Killed a dread lich
  1353 | D        | Killed a quicksilver elemental
  1355 | D        | Killed a Hell Sentinel
  1355 | D        | Killed a Hell Sentinel
  1355 | D        | Killed a quicksilver elemental
  1355 | D        | Killed an iron giant
  1356 | D        | Gained mutation: You have a moderately thin skeletal
                  | structure. (Dex +4, Stealth++) [demonic ancestry]
  1356 | D        | Reached XP level 16. HP: 117/150 MP: 15/33
  1357 | D        | Killed an iron giant
  1372 | D        | Found a transporter.
  1462 | D        | Got the amulet of Joxaicearph {Reflect rN+ Str+3 Slay+3
                  | SH+5}
  1465 | D        | Got the +0 cloak of Ijibophi {rF+ rCorr Str+7 Dex-3}
  1507 | D        | Entered arena 24.
  1512 | D        | Noticed a shadow dragon
  1512 | D        | Noticed a shadow dragon
  1512 | D        | Noticed a bone dragon
  1512 | D        | Noticed a bone dragon
  1514 | D        | Killed a shadow dragon
  1514 | D        | Killed a bone dragon
  1514 | D        | Noticed a Tzitzimitl
  1515 | D        | Killed a shadow dragon
  1515 | D        | Killed a shadow dragon
  1516 | D        | Found the +12 glaive of Prune {freeze, Prune}
  1516 | D        | Noticed a tainted leviathan
  1517 | D        | Killed a Tzitzimitl
  1517 | D        | Killed a tainted leviathan
  1517 | D        | Noticed a shadow dragon
  1518 | D        | Killed a bone dragon
  1520 | D        | Found a transporter.
  1523 | D        | Killed a shadow dragon
  1603 | D        | Entered arena 25.
  1608 | D        | Noticed a quicksilver dragon
  1609 | D        | Noticed a quicksilver dragon
  1609 | D        | Noticed a quicksilver dragon
  1610 | D        | Noticed a quicksilver dragon
  1610 | D        | Noticed a quicksilver dragon
  1610 | D        | Noticed a quicksilver dragon
  1611 | D        | Noticed a quicksilver dragon
  1611 | D        | Noticed a quicksilver dragon
  1612 | D        | Killed a quicksilver dragon
  1612 | D        | Killed a quicksilver dragon
  1612 | D        | Killed a quicksilver dragon
  1612 | D        | Killed a quicksilver dragon
  1612 | D        | Killed a quicksilver dragon
  1613 | D        | Killed a quicksilver dragon
  1613 | D        | Killed a quicksilver dragon
  1613 | D        | Killed a quicksilver dragon
  1614 | D        | Killed a quicksilver dragon
  1615 | D        | Reached XP level 17. HP: 164/164 MP: 8/34
  1635 | D        | Found a transporter.
  1667 | D        | Got the Annotations on the Bonfire and Points
  1678 | D        | Got the Reference Book on the Grisly Mantle
  1678 | D        | Got the Disquisition on Sidekicks and Location
  1708 | D        | Entered arena 26.
  1719 | D        | Identified the amulet "Voggim" {Regen+ Slay+5}
  1719 | D        | Identified the +4 short sword "Ashri" {holy, rF+}
  1719 | D        | Identified the amulet of Entrepreneurial Spirit {Acrobat
                  | rF- rCorr Int+2}
  1719 | D        | Identified the +8 plate armour "Zuekelou" {Will- Regen+
                  | Int+4}
  1721 | D        | Reached skill level 10 in Shapeshifting
  1725 | D        | Found a transporter.
  1782 | D        | Got the Directory of the Polar Tincture
  1816 | D        | Got the Volume of the Maleficium and Battle Magic
  1818 | D        | Got the amulet of Iteel {Faith Fragile rPois Will+ SInv}
  1850 | D        | Entered arena 27.
  1858 | D        | Noticed a lich
  1858 | D        | Identified the +10 plate armour "Jurymaos" {Int+4}
  1859 | D        | Noticed a lich
  1859 | D        | Found the ring of the Hare {EV+10}
  1860 | D        | Killed a lich
  1860 | D        | Killed a lich
  1860 | D        | Noticed a lich
  1861 | D        | Identified the ring "Okuadasm" {rF+ Dex+5 Slay-3}
  1863 | D        | Identified the +1 scimitar of Ciuridup {freeze, Drain rElec
                  | Int+4}
  1864 | D        | Identified the staff of the Other Side {rPois rC+ rN++
                  | Will+ Dex+3 Ice}
  1864 | D        | Identified the +5 sling "Xuaworaz" {antimagic, Contam rN++
                  | Int+2}
  1866 | D        | Killed a lich
  1867 | D        | Found the +3 salamander hide armour {Flames, rFlCloud rF++
                  | rC--}
  1871 | D        | Identified the +6 rapier "Zetz" {heavy, rC+}
  1872 | D        | Found a transporter.
  1883 | D        | Gained mutation: Your body sometimes deteriorates upon
                  | taking damage. [a neqoxec]
  2098 | D        | Got the Grimoire of Breath
  2135 | D        | Got the +14 shadow dragon scales "Leak" {Rampage rC+++ MP-9
                  | Str-2 Stlth++++}
  2155 | D        | Entered arena 28.
  2168 | D        | Identified the +1 arbalest of Instinct {heavy, Dex+4}
  2169 | D        | Identified the staff "Myuqeeg" {rF+ Str+2 SInv Fire}
  2170 | D        | Gained mutation: When low on magic, you restore magic in
                  | place of health. [demonic ancestry]
  2170 | D        | Reached XP level 18. HP: 177/177 MP: 26/35
  2171 | D        | Reached skill level 15 in Shapeshifting
  2177 | D        | Found a transporter.
  2308 | D        | Got the Orb of Zot
  2852 | D        | Noticed an Ice Fiend
  2856 | D        | Killed an Ice Fiend
  2868 | D        | Noticed Oxzuno the pandemonium lord
  2877 | D        | Killed Oxzuno the pandemonium lord
  2979 | D        | Noticed a Brimstone Fiend
  2985 | D        | Killed a Brimstone Fiend
  3475 | D        | Escaped with the Orb!

Illustrated notes

Levels and vault maps discovered:
D:        sprint_v [room_start, room_1, room_2, room_3, room_4, room_5, room_6,
          room_7, room_8, room_9, room_10, room_11, room_12, room_13, room_14,
          room_15, room_16, room_17, room_18, room_19, room_20, room_21,
          room_22, room_23, room_24, room_25, room_26, room_27]

Skill      XL: |  1  2  3  4  5  6  7  8  9 10 11 12 13 14 15 16 17 18 |
---------------+-------------------------------------------------------+-----
Invocations    | 9 10 13 14 16 18 20 22 24 27 | 27.0
Axes           | 3 5 6 7 9 10 11 13 14 16 19 21 23 24 | 24.3
Armour         | 1 4 5 6 8 9 10 12 14 16 18 21 23 | 23.7
Dodging        | 3 5 6 7 8 10 11 12 14 16 19 21 23 | 23.8
Shields        | 1 4 5 6 8 9 10 12 14 16 18 21 23 | 23.7
Fighting       | 6 7 8 9 11 12 14 16 18 20 23 25 26 | 26.2
Shapeshifting  | 8 14 16 | 16.2

Action                     |  1- 3 |  4- 6 |  7- 9 | 10-12 | 13-15 | 16-18 || total
---------------------------+-------+-------+-------+-------+-------+-------++-------
  Melee: Broad axe         |     7 |       |    21 |    22 |     5 |    82 ||   137
 Invoke: Disaster Area     |       |       |     1 |     8 |    10 |    18 ||    37
    Use: Potion            |     2 |       |     1 |       |     1 |     8 ||    12
         Scroll            |       |       |       |     4 |     1 |       ||     5
   Stab: Distracted        |     1 |       |       |       |       |     2 ||     3
         Invisible         |       |       |       |       |       |     1 ||     1
 Armour: Gold dragon scale |     4 |       |     6 |     3 |     3 |     5 ||    21
  Dodge: Dodged            |       |       |       |     2 |     2 |    24 ||    28
         Repelled          |       |       |       |       |     1 |     3 ||     4
  Block: Kite shield       |    16 |       |    38 |    25 |     7 |    84 ||   170
         Reflection        |       |       |     7 |     2 |     6 |    10 ||    25

Table legend: (Time is in decaauts)
 A = Elapsed time spent in this place.
 B = Non-inter-level travel time spent in this place.
 C = Inter-level travel time spent in this place.
 D = Time resting spent in this place.
 E = Time spent auto-exploring this place.
 F = Levels seen in this place.
 G = Mean time per level.
                   A        B        C        D        E       F      G
               +--------+--------+--------+--------+--------+-----+--------+
         Total |   3394 |   3394 |      0 |   1871 |      0 |   1 | 3394.0 |
       Dungeon |   3394 |   3394 |      0 |   1871 |      0 |   1 | 3394.0 |
               +--------+--------+--------+--------+--------+-----+--------+

Top non-repeatable levels by time:
       D: 3394 daAuts
